 Dungeon Crawl Stone Soup version 0.27-a0-1154-gfdeffcb720 (webtiles) character file.

Game seed: 7124706229479057295

443 tilp the Caller (level 7, 2/54 HPs)
             Began as a Barachi Summoner on May 14, 2021.
             Quit the game on level 8 of the Dungeon.
             The game lasted 00:09:02 (4863 turns).

tilp the Caller (Barachi Summoner)                  Turns: 4863, Time: 00:09:02

Health: 2/54       AC:  5    Str: 10    XL:     7   Next: 2%
Magic:  8/12       EV: 13    Int: 16    God:
Gold:   136        SH:  0    Dex: 13    Spells: 6/12 levels left

rFire    . . .     SeeInvis .   a - +2 hand axe (vorpal)
rCold    + . .     Faith    .   (no shield)
rNeg     . . .     Spirit   .   c - +0 robe
rPois    .         Reflect  .   h - +0 helmet
rElec    .         Harm     .   (no cloak)
rCorr    .         Rampage  .   (no gloves)
Will     .....                  q - +1 pair of boots
Stlth    ++........             (no amulet)
HPRegen  0.18/turn              i - ring of wizardry
MPRegen  0.13/turn              d - ring of protection from cold

@: lethally poisoned (2 -> -5), hasted, quick
A: amphibious, slowness 1, strong legs 1, +LOS
a: Hop


You were on level 8 of the Dungeon.
You visited 1 branch of the dungeon, and saw 6 of its levels.

You collected 136 gold pieces.

Inventory:

Hand Weapons
 a - a +2 vorpal hand axe (weapon)
 b - a +0 long sword
Missiles
 g - 3 boomerangs of dispersal
 n - 39 stones
 p - 4 poisoned darts (quivered)
Armour
 c - a +0 robe (worn)
 h - a +0 helmet (worn)
 q - a +1 pair of boots (worn)
Jewellery
 d - a ring of protection from cold (right hand)
 i - a ring of wizardry (left hand)
Potions
 e - a potion of haste
 k - a potion of heal wounds {unknown}
 m - a potion of degeneration {unknown}


   Skills:
 - Level 4.0 Fighting
 - Level 4.0 Dodging
 - Level 4.0 Stealth
 + Level 3.3 Spellcasting
 + Level 5.7 Summonings


You had 6 spell levels left.
You knew the following spells:

 Your Spells              Type           Power      Damage    Failure   Level
a - Summon Small Mammal   Summ           84%        N/A       1%          1
b - Call Imp              Summ           21%        N/A       1%          2
c - Call Canine Familiar  Summ           21%        N/A       1%          3

Your spell library contained the following spells:

 Spells                   Type           Power      Damage    Failure   Level
 Summon Guardian Golem    Hex/Summ       11%        N/A       7%          3
 Beastly Appendage        Tmut           4%         N/A       8%          1
 Sting                    Tmut/Pois      8%         1d3       8%          1
 Summon Ice Beast         Ice/Summ       11%        N/A       22%         4
 Summon Lightning Spire   Summ/Air       11%        N/A       22%         4
 Fireball                 Conj/Fire      1%         3d3       86%         5
 Blade Hands              Tmut           1%         N/A       100%        6
 Starburst                Conj/Fire      1%         8x6d3     100%        6


Dungeon Overview and Level Annotations

Branches:
Dungeon (6/15)               Lair (0/6) D:8
 Temple: D:4-7

Altars:
Kikubaaqudgha
Qazlal

Shops:
D:3 (


Innate Abilities, Weirdness & Mutations

You are amphibious.
You cover ground slowly.
You can hop short distances.
You have an extended range of vision and can be seen from far away.


Message History

The centaur zombie hits your crimson imp.
The centaur zombie kicks your crimson imp but does no damage.
You hit the centaur zombie.
The centaur zombie is almost destroyed.
Your white imp gestures at the centaur zombie.
The puff of frost hits the centaur zombie.
The centaur zombie resists.
The centaur zombie closely misses your white imp.
The centaur zombie kicks your white imp but does no damage.
Your crimson imp hits the centaur zombie.
You hit the centaur zombie.
You destroy the centaur zombie!
You have reached level 7!
As you close the door, pushing everything out of the way, it creaks loudly!
You see here a gnoll corpse.
You start resting.
Your crimson imp disappears in a puff of smoke!
Your crimson imp blinks!
Your white imp disappears in a puff of smoke!
The centaur wields a shortbow.
The centaur shoots an arrow.
The arrow hits you.
* * * LOW HITPOINT WARNING * * *
The water moccasin hisses angrily.
You aren't carrying any scrolls.
Unknown command.
Your crimson imp blinks!
The water moccasin bites you!
* * * LOW HITPOINT WARNING * * *
You feel better. The water moccasin bites you!
* * * LOW HITPOINT WARNING * * *
You are lethally poisoned!
The water moccasin poisons you!
Unknown command.
It was a potion of haste.
You feel yourself speed up.
* * * LOW HITPOINT WARNING * * *
You feel very sick. The water moccasin bites you.
* * * LOW HITPOINT WARNING * * *
Unknown command.
Okay, then.
Are you sure you want to abandon this character and quit the game? (Confirm with "yes".)

.. .. ########### . ..
#.......... #.
#..........
#.##..........
#..#...♣#####♣ #
#..#...# .# #.)#[..# .#
#..S†..# z.+ #...#@).#
..# .......#...# ...#
........#...♣#####♣...#
........#.............#
#####...#.............#
#####.............#
###############


You could see a water moccasin.

Vanquished Creatures
  A black bear (D:4)
  A centaur zombie (D:8)
  A gnoll shaman (D:8)
  Natasha (twice) (D:3)
  An iguana (D:6)
  A gnoll (D:8)
  An adder (D:3)
  A dart slug (D:2)
  An orc (D:3)
  5 ball pythons
  A bat (D:2)
  7 endoplasms
  2 giant cockroaches
  10 goblins
  4 hobgoblins
  A jackal (D:8)
  2 kobolds
  A quokka (D:3)
  A frilled lizard (D:1)
  7 rats
51 creatures vanquished.

Vanquished Creatures (collateral kills)
  An orc warrior (D:3)
  A hound (D:8)
  Natasha (D:3)
  An orc wizard (D:3)
  A gnoll (D:8)
  4 adders (D:2)
  3 ball pythons
  A kobold (D:1)
  A quokka (D:2)
  A rat (D:1)
15 creatures vanquished.

Vanquished Creatures (others)
  8 fungi (D:8)
  18 plants (D:8)
26 creatures vanquished.

Grand Total: 92 creatures vanquished

Notes
Turn   | Place    | Note
-------+----------+-------------------------------------------
     0 | D:1      | tilp the Barachi Summoner began the quest for the Orb.
     0 | D:1      | Reached XP level 1. HP: 13/13 MP: 3/3
   691 | D:1      | Reached skill level 1 in Fighting
   691 | D:1      | Reached XP level 2. HP: 6/21 MP: 3/5
  1172 | D:1      | Learned a level 2 spell: Call Imp
  1383 | D:2      | Reached XP level 3. HP: 23/26 MP: 6/6
  2518 | D:2      | Reached XP level 4. HP: 30/33 MP: 4/7
  2983 | D:2      | Learned a level 3 spell: Call Canine Familiar
  3192 | D:3      | Noticed an orc warrior
  3249 | D:3      | Killed an orc warrior
  3250 | D:3      | Reached XP level 5. HP: 39/41 MP: 0/8
  3358 | D:3      | Found an ancient bone altar of Kikubaaqudgha.
  3588 | D:3      | Found a stormy altar of Qazlal.
  3598 | D:3      | Noticed Natasha
  3607 | D:3      | Killed Natasha
  3644 | D:3      | Identified the Tome of Shifting Heat
  3649 | D:3      | Noticed Natasha
  3661 | D:3      | Killed Natasha
  3662 | D:3      | Reached XP level 6. HP: 17/48 MP: 4/9
  3992 | D:3      | Found Zappaus's Weapon Shoppe.
  4109 | D:3      | Noticed Natasha
  4128 | D:3      | Killed Natasha
  4352 | D:4      | Noticed a black bear
  4363 | D:4      | Killed a black bear
  4364 | D:4      | Reached skill level 5 in Summonings
  4523 | D:4      | You fall into a shaft and drop 2 floors!
  4530 | D:6      | You fall into a shaft and drop 2 floors!
  4530 | D:8      | Found a staircase to the Lair.
  4530 | D:8      | Noticed a wyvern
  4530 | D:8      | Noticed a yak
  4530 | D:8      | Noticed a yak
  4530 | D:8      | Noticed a water moccasin
  4530 | D:8      | Noticed a water moccasin
  4530 | D:8      | Noticed a yak
  4530 | D:8      | Noticed a water moccasin
  4531 | D:8      | Noticed a water moccasin
  4531 | D:8      | Noticed a basilisk
  4531 | D:8      | Noticed a water moccasin
  4531 | D:8      | Noticed a wyvern
  4814 | D:8      | Reached XP level 7. HP: 12/54 MP: 1/12
  4862 | D:8      | HP: 2/54 [water moccasin (2)]
  4863 | D:8      | Quit the game

Illustrated notes

Levels and vault maps discovered:
D:1:      mrwooster_arrival_statue, layout_basic
D:2:      layout_basic, minmay_cut_off
D:3:      layout_loops_ring, lemuel_crystal_altar, overflow_temple_1_default,
          serial_shops, shop, uniq_natasha
D:4:      layout_cave_pods
D:6:      layout_rooms, lemuel_round_altar
D:8:      layout_cave_pools, lemuel_tele_altar, minmay_lair_entry_grove,
          serial_gnoll_camp, gnoll_camp_mini_loothouse,
          gnoll_camp_mini_doghouse, gnoll_camp_mini_basic,
          gnoll_camp_huts_basic, gnoll_camp_mini_house, gnoll_camp_medium_01,
          kennysheep_path_1

Skill      XL: |  1  2  3  4  5  6 |
---------------+-------------------+-----
Stealth        | 2 3 4 |  4.0
Fighting       | 1 2 3 4 |  4.0
Dodging        | 3 4 |  4.0
Summonings     | 5 |  5.7
Spellcasting   | 3 |  3.3

Action                   |  1- 3 |  4- 6 |  7- 9 || total
-------------------------+-------+-------+-------++-------
Melee: Long sword        |    82 |    18 |       ||   100
       Unarmed           |     3 |       |       ||     3
       Hand axe          |       |    62 |       ||    62
Throw: Dart              |       |    15 |       ||    15
 Cast: Summon Small Mamm |    14 |       |       ||    14
       Call Imp          |     6 |    23 |       ||    29
       Call Canine Famil |       |     7 |       ||     7
 Abil: Hop               |     1 |       |       ||     1
  Use: Scroll            |     2 |     5 |       ||     7
       Potion            |       |     2 |     2 ||     4
 Stab: Sleeping          |     4 |     5 |       ||     9
Armor: Robe              |    19 |    14 |       ||    33
Dodge: Dodged            |    61 |    63 |       ||   124
       Rpst.: Long sword |    10 |     3 |       ||    13

Table legend: (Time is in decaauts)
 A = Elapsed time spent in this place.
 B = Non-inter-level travel time spent in this place.
 C = Inter-level travel time spent in this place.
 D = Time resting spent in this place.
 E = Time spent auto-exploring this place.
 F = Levels seen in this place.
 G = Mean time per level.
                   A        B        C        D        E       F      G
               +--------+--------+--------+--------+--------+-----+--------+
         Total |   5311 |   5185 |    126 |   1170 |   3232 |   6 |  885.2 |
       Dungeon |   5311 |   5185 |    126 |   1170 |   3232 |   6 |  885.2 |
               +--------+--------+--------+--------+--------+-----+--------+

Top non-repeatable levels by time:
     D:2: 2119 daAuts
     D:3: 1332 daAuts
     D:1: 1286 daAuts
     D:8: 347 daAuts
     D:4: 217 daAuts
     D:6: 7 daAuts
